 Dungeon Crawl Stone Soup version 0.28.0-45-g0d030f2227 (webtiles) character file.

Game seed: 15224829580124676014

67 NinjaNoafa the Gusty (level 3, -6/27 HPs)
             Began as a Draconian Air Elementalist on Apr 4, 2022.
             Was a Plaything of Xom.
             Mangled by an orc
             ... wielding a +0 morningstar of protection
              (12 damage)
             ... on level 3 of the Dungeon.
             The game lasted 00:06:48 (2277 turns).

NinjaNoafa the Gusty (Draconian Air Elementalist)   Turns: 2277, Time: 00:06:49

Health: -6/27      AC:  5    Str: 10    XL:     3   Next: 98%
Magic:  5/6        EV: 12    Int: 17    God:    Xom [..*...]
Gold:   90         SH:  0    Dex: 11    Spells: 2/6 levels left

rFire   . . .      SeeInvis .   l - +3 hand axe (venom)
rCold   . . .      Faith    .   (no shield)
rNeg    . . .      Spirit   .   (armour unavailable)
rPois   .          Reflect  .   (helmet restricted)
rElec   .          Harm     .   (no cloak)
rCorr   .          Rampage  .   (no gloves)
Will    .....                   (no boots)
Stlth   ++........              (no amulet)
HPRegen 0.09/turn               i - ring of wizardry
MPRegen 0.10/turn               (no ring)

@: attractive, flying
A: AC +5, unfitting armour, cold-blooded
a: Renounce Religion


You were on level 3 of the Dungeon.
You worshipped Xom.
You were a toy of Xom.
You visited 1 branch of the dungeon, and saw 3 of its levels.

You collected 90 gold pieces.

Inventory:

Hand Weapons
 g - a +0 dagger
 l - a +3 hand axe of venom (weapon)
Magical Staves
 j - a staff of conjuration
Jewellery
 i - a ring of wizardry (left hand)
Wands
 h - a wand of iceblast (11)
Scrolls
 d - a scroll of fog
 f - a scroll of magic mapping
 n - a scroll of enchant armour {unknown}
 p - a scroll of vulnerability {unknown}
 q - a scroll of teleportation {unknown}
Potions
 b - 2 potions of mutation {unknown}
 c - a potion of attraction
 m - a potion of degeneration {unknown}
 o - a potion of curing {unknown}


   Skills:
 + Level 0.6 Fighting
 + Level 0.4 Staves
 - Level 2.1 Dodging
 - Level 2.0 Stealth
 + Level 2.3 Spellcasting
 * Level 2.0 Conjurations
 + Level 3.5 Air Magic
 + Level 0.5 Evocations


You had 2 spell levels left.
You knew the following spells:

 Your Spells              Type           Power      Damage    Failure   Level
a - Shock                 Conj/Air       44%        1d5       2%          1
b - Swiftness             Air            14%        N/A       5%          3

Your spell library contained the following spells:

 Spells                   Type           Power      Damage    Failure   Level
 Static Discharge         Conj/Air       11%        N/A       3%          2
 Airstrike                Air            7%         N/A       17%         4


Dungeon Overview and Level Annotations

Branches:
Dungeon (3/15)

Altars:
Xom


Innate Abilities, Weirdness & Mutations

Your plain brown scales are hard. (AC +5)
You cannot fit into any form of body armour.
You are cold-blooded and may be slowed by cold attacks.


Message History

Okay, then.
As you read the scroll of fear, it crumbles to dust.
You assume a fearsome visage.
The orc looks frightened!
It was a potion of flight.
You feel very buoyant.
You fly up into the air.
It was a potion of attraction.
You feel attractive to monsters. The orc is attracted toward you.
The orc is attracted toward you. The orc is attracted toward you.
The orc is attracted toward you.
Found a buckler.
The orc is attracted toward you.
The orc screams, "Help!"
The orc is attracted toward you.
You see here a +0 ring mail.
The orc is attracted toward you. The orc is attracted toward you.
As you read the scroll labelled ZEDUME LELURGHU, it crumbles to dust.
It is a scroll of enchant weapon.
Your +2 hand axe of venom glows red for a moment.
The orc is attracted toward you. The orc is attracted toward you.
Okay, then.
Your +3 hand axe of venom begins to drip with poison!
l - a +3 hand axe of venom (weapon)
The orc looks desperately for an escape route.
The orc is attracted toward you.
Casting: Shock (safe; 2% risk of failure)
Confirm with . or Enter, or press ? or * to list all spells.
Aiming: Shock (safe; 2% risk of failure)
Press: ? - help, Shift-Dir - straight line, f - orc
Aim: an orc, wielding a +0 morningstar of protection and wearing a +0 leather armour (strong, fleeing, 68% to hit)
The zap hits the orc but does no damage.
Your attack snaps the orc out of its fear.
The orc barely misses you.
You hit the orc but do no damage.
The orc is poisoned.
You tail-slap the orc, but do no damage.
The orc hits you with a +0 morningstar of protection!
You die...

##.#.#.. ....#. #.§.'
#...# ####...#
#...§[.# #.###.§##
#...####+#######+#
#.###.....§§.o@.......
#.....#..###.....#####
########.# #....[# #.#
####### ##########.#
...........#
############ . #...#
#.#.#


You could see an orc (strong, very poisoned).

Vanquished Creatures
  2 adders (D:3)
  A worm (D:2)
  2 endoplasms (D:1)
  2 giant cockroaches
  3 goblins (D:2)
  4 hobgoblins
  11 jackals
  2 kobolds
  2 quokkas
  5 ball pythons
  3 bats
  A frilled lizard (D:1)
  2 rats
40 creatures vanquished.

Notes
Turn   | Place    | Note
-------+----------+-------------------------------------------
     0 | D:1      | NinjaNoafa the Draconian Air Elementalist began the quest
                  | for the Orb.
     0 | D:1      | Reached XP level 1. HP: 14/14 MP: 3/3
   197 | D:1      | Found a faded altar of an unknown god.
   205 | D:1      | Prayed at the altar of an unknown god.
   205 | D:1      | Became a worshipper of Xom of Chaos
   574 | D:1      | XOM: silly message
   660 | D:1      | Reached XP level 2. HP: 20/20 MP: 5/5
   916 | D:2      | XOM: smoke on damage
  1293 | D:2      | Reached XP level 3. HP: 21/26 MP: 6/6
  1472 | D:2      | XOM: butterfly on damage
  1684 | D:2      | Learned a level 3 spell: Swiftness
  2277 | D:3      | Mangled by an orc

Illustrated notes

Levels and vault maps discovered:
D:1:      dpeg_arrival_tiny_a, layout_basic,
          hellmonk_ecumenical_altar_arch_garden, minivault_4
D:2:      layout_rooms, minmay_tetromino_o4
D:3:      layout_basic, solitary_fountain, minmay_quadrilaterals

Skill      XL: |  1  2  3 |
---------------+----------+-----
Stealth        | 2 |  2.0
Dodging        | 2 |  2.1
Conjurations   | 2 |  2.0
Fighting       | |  0.6
Staves         | |  0.4
Spellcasting   | |  2.3
Air Magic      | |  3.5
Evocations     | |  0.5

Action                   || total
-------------------------++-------
Melee: Unarmed           ||    21
       Tailslap          ||    14
       Staff             ||    72
       Dagger            ||    10
       Hand axe          ||     1
 Cast: Shock             ||    42
  Use: Scroll            ||     5
       Potion            ||     2
 Stab: Sleeping          ||     1
Armor: Skin              ||    49
Dodge: Dodged            ||   121
